 Dungeon Crawl Stone Soup version 0.29.1-4-g47bece8355 (webtiles) character file.

Game seed: 13412826324270082522

455386 ChadusMaximus the Hellbinder (level 25, -14/177 (211) HPs)
             Began as a Human Summoner on Dec 5, 2022.
             Was a Believer of Yredelemnul.
             Killed from afar by a shadow dragon (35 damage)
             ... with a bolt of negative energy
             ... on level 5 of the Vaults.
             The game lasted 04:04:32 (72417 turns).

ChadusMaximus the Hellbinder (Human Summoner)      Turns: 72417, Time: 04:04:32

HP:   -14/177 (211) AC: 18    Str: 17    XL:     25   Next: 58%
MP:   2/58          EV: 23    Int: 33    God:    Yredelemnul [**....]
Gold: 3734          SH: 19    Dex: 22    Spells: 25/68 levels left

rFire   + + .      SeeInvis +   O - +7 falchion of Oschogas {venom, rF+}
rCold   . . .      Faith    .   K - +5 kite shield {AC+3}
rNeg    . . .      Spirit   .   U - +1 steam dragon scales "Peosi" {Str+7 SInv}
rPois   +          Reflect  .   o - +1 hat
rElec   +          Harm     .   s - +1 cloak of Vixewyna {*Slow rElec rPois MP+9}
rCorr   .          Rampage  .   H - +2 pair of gloves
Will    +....      Clarity  +   c - +2 pair of boots {Fly}
Stlth   +++.......              k - amulet of Uhochust {Contam rElec Regen+ Int+3 Stlth+}
HPRegen 1.19/turn               f - ring of Anos {Int+4 Dex+6}
MPRegen 0.36/turn               a - ring "Ropon" {+Blink Fly rF+ Dex+4}

@: about to teleport, calling dragons, flying, studying Air Magic, heavily
drained, invisible
A: clarity, clumsy 1, robust 1, wild magic 1
}: 2/15 runes: decaying, gossamer
a: Renounce Religion, Evoke Blink, Recall Undead Harvest, Dark Bargain


You were on level 5 of the Vaults.
You worshipped Yredelemnul.
Yredelemnul was noncommittal.
You visited 8 branches of the dungeon, and saw 42 of its levels.
You visited 1 bazaar.
You also visited: Bailey.

You collected 7416 gold pieces.
You spent 3682 gold pieces at shops.

Inventory:

Hand Weapons
 b - the +8 hand axe of Joenosan {vorpal, rCorr Str+5 Int+4}
   (You bought it in a shop on level 1 of the Depths)

   It inflicts extra damage upon your enemies.
   Str:       It affects your strength (+5).
   Int:       It affects your intelligence (+4).
   rCorr:     It protects you from acid and corrosion.
 O - the +7 falchion of Oschogas (weapon) {venom, rF+}
   (You found it on level 5 of the Lair of Beasts)

   It poisons the flesh of those it strikes.
   rF:        It protects you from fire.
Armour
 c - a +2 pair of boots of flying (worn)
 o - a +1 hat (worn)
 s - the +1 cloak of Vixewyna (worn) {*Slow rElec rPois MP+9}
   (You bought it in a shop on level 1 of the Depths)

   rElec:     It insulates you from electricity.
   rPois:     It protects you from poison.
   MP:        It affects your magic capacity (+9).
   *Slow:     It may slow you when you take damage.
 H - a +2 pair of gloves (worn)
 K - a +5 kite shield of protection (worn)
 U - the +1 steam dragon scales "Peosi" (worn) {Str+7 SInv}
   (You took it off a yaktaur on level 13 of the Dungeon)

   Str:       It affects your strength (+7).
   SInv:      It lets you see invisible.
Jewellery
 a - the ring "Ropon" (right hand) {+Blink Fly rF+ Dex+4}
   (You found it on level 2 of the Spider Nest)

   [ring of flight]

   Dex:       It affects your dexterity (+4).
   rF:        It protects you from fire.
   Fly:       It grants you flight.
   +Blink:    It lets you blink.
 f - the ring of Anos (left hand) {Int+4 Dex+6}
   (You acquired it on level 6 of the Dungeon)

   [ring of dexterity]

   Int:       It affects your intelligence (+4).
   Dex:       It affects your dexterity (+6).
 k - the amulet of Uhochust (around neck) {Contam rElec Regen+ Int+3 Stlth+}
   (You found it on level 2 of the Dungeon)

   [amulet of regeneration]

   Int:       It affects your intelligence (+3).
   rElec:     It insulates you from electricity.
   Contam:    It causes magical contamination when unequipped.
   Regen:     It increases your rate of health regeneration.
   Stlth:     It makes you more stealthy.
Wands
 j - a wand of digging (38)
 D - a wand of roots (45)
 I - a wand of flame (63)
 J - a wand of paralysis (15)
 L - a wand of polymorph (16)
 X - a wand of mindburst (16)
Scrolls
 m - 5 scrolls of fear
 p - 9 scrolls of teleportation
 q - 3 scrolls of noise
 r - 9 scrolls of vulnerability
 w - 6 scrolls of amnesia
 y - 7 scrolls of enchant armour
 z - 9 scrolls of poison
 B - 7 scrolls of immolation
 E - 8 scrolls of enchant weapon
 F - 4 scrolls of blinking
 G - a scroll of summoning
 M - 4 scrolls of torment
 N - 3 scrolls of brand weapon
 P - a scroll of butterflies
 S - 6 scrolls of silence
 Y - 7 scrolls of magic mapping
Potions
 e - 5 potions of heal wounds
 g - 27 potions of curing
 i - 11 potions of cancellation
 n - 5 potions of resistance
 t - 20 potions of brilliance
 u - 16 potions of lignification
 v - 4 potions of berserk rage
 x - 2 potions of ambrosia
 A - 11 potions of flight
 C - 9 potions of might
 R - 5 potions of haste
 V - 5 potions of mutation
 W - a potion of invisibility
 Z - 3 potions of magic
Miscellaneous
 d - a box of beasts
 h - a box of beasts
 l - a phantom mirror
 Q - a phial of floods
 T - a lightning rod (4/4)


   Skills:
 + Level 14.4 Fighting
 + Level 14.5 Dodging
 - Level 2.0 Stealth
 + Level 13.2 Shields
 * Level 22.1 Spellcasting
 O Level 27 Summonings


You had 25 spell levels left.
You knew the following spells:

 Your Spells              Type           Power      Damage    Failure   Level
a - Summon Small Mammal   Summ           100%       N/A       1%          1
b - Call Canine Familiar  Summ           100%       N/A       1%          3
c - Call Imp              Summ           100%       N/A       1%          2
d - Summon Lightning Spi  Summ/Air       100%       N/A       1%          4
e - Summon Guardian Gole  Hex/Summ       100%       N/A       1%          3
f - Gell's Gravitas       Tloc           47%        N/A       8%          3
g - Summon Hydra          Summ           67%        N/A       1%          7
h - Teleport Other        Tloc           47%        N/A       8%          3
i - Sublimation of Blood  Necr           47%        N/A       4%          2
j - Summon Cactus Giant   Summ           67%        N/A       1%          6
k - Dragon's Call         Summ           67%        N/A       4%          9

Your spell library contained the following spells:

 Spells                   Type           Power      Damage    Failure   Level
 Summon Ice Beast         Ice/Summ       100%       N/A       1%          4
 Summon Forest            Summ/Tloc      52%        N/A       1%          5
 Summon Mana Viper        Hex/Summ       100%       N/A       1%          5
 Apportation              Tloc           94%        N/A       3%          1
 Beastly Appendage        Tmut           94%        N/A       3%          1
 Sting                    Tmut/Pois      100%       1d8       3%          1
 Poisonous Vapours        Pois/Air       94%        N/A       4%          2
 Wereblood                Tmut           47%        N/A       4%          2
 Confusing Touch          Hex            47%        N/A       8%          3
 Conjure Flame            Conj/Fire      47%        6-21      8%          3
 Frozen Ramparts          Ice            94%        1d15      8%          3
 Ignite Poison            Fire/Tmut/Pois 47%        N/A       8%          3
 Spider Form              Tmut/Pois      47%        N/A       8%          3
 Corpse Rot               Necr/Pois/Air  47%        N/A       22%         4
 Hailstorm                Conj/Ice       47%        3d11      22%         4
 Ice Form                 Ice/Tmut       47%        N/A       22%         4
 Leda's Liquefaction      Hex/Erth       23%        N/A       22%         4
 Petrify                  Tmut/Erth      47%        N/A       22%         4
 Sticky Flame             Conj/Fire      47%        2d6       22%         4
 Alistair's Intoxication  Tmut/Pois      31%        N/A       50%         5
 Blade Hands              Tmut           23%        N/A       50%         5
 Borgnjor's Vile Clutch   Necr/Erth      23%        N/A       50%         5
 Irradiate                Conj/Tmut      23%        3d19      50%         5
 Lee's Rapid Deconstruct  Erth           23%        3d14*     50%         5
 Metabolic Englaciation   Hex/Ice        23%        N/A       50%         5
 Yara's Violent Unravell  Hex/Tmut       23%        3d10      50%         5
 Dispersal                Tloc           23%        N/A       96%         6
 Eringya's Noxious Bog    Tmut/Pois      23%        N/A       96%         6
 Statue Form              Tmut/Erth      31%        N/A       96%         6
 Dragon Form              Tmut           23%        N/A       100%        7
 Enfeeble                 Hex            23%        N/A       100%        7
 Necromutation            Tmut/Necr      23%        N/A       100%        8
 Simulacrum               Ice/Necr       Unusable   N/A       N/A         6

Dungeon Overview and Level Annotations

Branches:
Dungeon (15/15)            Temple (0/1) D:6            Lair (5/5) D:11
  Swamp (4/4) Lair:2       Spider (4/4) Lair:3        Slime (0/5) Lair:5
    Orc (2/2) D:9             Elf (3/3) Orc:2        Vaults (5/5) D:13
  Crypt (0/3) Vaults:2     Depths (4/4) D:15            Zot (0/5) Depths:4
 Bailey (visited)

Altars:
Ashenzari
Cheibriados
Dithmenos
Fedhas
Hepliaklqana
Kikubaaqudgha
Makhleb
Nemelex Xobeh
Qazlal
Sif Muna
Trog
Vehumet
Yredelemnul
The Shining One
Jiyva

Shops:
D:8 !   D:9 :   D:10 (   D:11 (   D:14 [   Orc:2 *[*(   Elf:3 *((:
Depths:1 *!(((   Depths:2 *(   Depths:3 :!

Portals:
Hell: Lair:5 Depths:1 Depths:2 Depths:3 Depths:4
Abyss: Depths:1 Depths:3
Pandemonium: Depths:2 Depths:3 Depths:4
Ziggurat: Depths:1
Trove: Elf:3 (give 5 scrolls of butterflies)

Annotations:
Depths:3 2 runed translucent doors


Innate Abilities, Weirdness & Mutations

You possess an exceptional clarity of mind.
You are clumsy. (Dex -2)
You are robust. (+10% HP)
Your spells are a little harder to cast, but a little more powerful.


Message History

Your quicksilver dragon breathes dispelling energy at the deep elf death mage.
The bolt of dispelling energy hits the deep elf death mage!!
The deep elf death mage dies!
Your deep elf demonologist zombie closely misses the shadow dragon.
Your fire dragon bites the shadow dragon but does no damage.
Your fire dragon closely misses the shadow dragon.
Your fire dragon tramples the shadow dragon!
The shadow dragon holds its ground!
Your ice dragon bites the dread lich but does no damage.
Your ice dragon claws the dread lich but does no damage.
Your ice dragon tramples the dread lich.
The dread lich holds its ground!
Your ice dragon closely misses the dread lich.
Your ice dragon claws the dread lich.
Your ice dragon tramples the dread lich but does no damage.
The bolt of poison hits your storm dragon!!
Your storm dragon is poisoned.
A bolt of poison appears from out of your range of vision.
The bolt of poison hits your deep elf demonologist zombie.
Your deep elf demonologist zombie completely resists.
The Executioner hits you but does no damage. x3
Unknown command.
Unknown command.
You slash the shadow dragon!
The shadow dragon is heavily wounded.
You hear two shouts!
You block the Executioner's attack.
The Executioner hits you but does no damage. x2
You block the Executioner's attack.
The Executioner hits you but does no damage. x2
Your quicksilver dragon bites the shadow dragon.
Your quicksilver dragon claws the shadow dragon but does no damage.
The Executioner closely misses you.
The Executioner hits you but does no damage.
You block the Executioner's attack.
A deep elf sorcerer comes into view. It is wielding a +0 rapier.
The shadow dragon breathes negative energy at you.
The bolt of negative energy hits you!!
You feel drained.
You die...
Your body rises from the dead as a mindless zombie.

####..#.
....#....
#..#.
.......
#..#.
#.....# #
#. #.....#
#. #.....#
#. ##D.:##
#. #1LD.?#
#@ZD))#
#DD8.[#
##DZ)##
#.....#
#.e...#
#.....#
#.......#
#....#....#
....###....


You could see a shadow dragon (catching breath, ally target), a dread lich (ally
target), an Executioner (summoned, fast), a deep elf sorcerer, a friendly storm
dragon (summoned, poisoned, drained), a friendly fire dragon (summoned), 2
friendly ice dragons, a friendly quicksilver dragon (summoned, catching breath,
drained), a friendly lightning spire (summoned), a friendly deep elf
demonologist zombie and a friendly two-headed ogre zombie.

Vanquished Creatures
  A lich (Depths:2)
  A fire giant (Depths:2)
  A ghost moth (Spider:2)
  A vault warden (Vaults:4)
  4 ironbound preservers
  3 stone giants
  An ironbound thunderhulk (Vaults:2)
  A dire elephant (Vaults:1)
  A bunyip (Swamp:3)
  2 spark wasps
  An ettin (Depths:1)
  2 deep elf death magi
  5 yaktaur captains
  A deep elf high priest (Elf:3)
  A great orb of eyes (Vaults:1)
  A rakshasa (D:15)
  2 boulder beetles
  2 vault guards (Vaults:4)
  An ironbound frostheart (Vaults:3)
  An ogre mage (D:13)
  A spriggan skeleton (Depths:3)
  3 dancing weapons (Elf:2)
  2 centaur warriors
  An alligator (Swamp:1)
  A vampire mage (Depths:1)
  4 deep elf knights
  A sun moth (Spider:4)
  An iron troll (Depths:2)
  7 deep trolls
  2 steelbarb worms (Spider:4)
  A glowing orange brain (Vaults:4)
  An orb spider (Spider:2)
  A swamp dragon (Swamp:1)
  An ironbound convoker (Vaults:3)
  A lindwurm (Vaults:1)
  5 deep elf pyromancers
  6 deep elf zephyrmancers
  2 wolf spiders
  3 ugly things
  A will-o-the-wisp (Swamp:4)
  2 moths of wrath (Spider:2)
  5 vault sentinels
  2 demonic crawlers
  A freezing wraith (D:15)
  2 unseen horrors (Depths:1)
  A yaktaur (Vaults:1)
  A komodo dragon (D:13)
  A troll (Orc:1)
  3 tarantellas
  A raiju (shapeshifter) (Elf:2)
  2 slime creatures
  A death drake skeleton (Swamp:4)
  A blink frog (Lair:2)
  A hornet (Swamp:4)
  A tyrant leech (Swamp:2)
  A culicivora (Spider:3)
  A spriggan (Swamp:3)
  6 jumping spiders
  A yak (D:9)
  A fire elemental (Elf:1)
  A human (D:13)
  A chaos spawn (Depths:1)
  7 redbacks
  A warg (Orc:2)
  4 swamp worms
  3 water moccasins
  9 orc warriors (Orc:2)
  A swamp drake (Swamp:4)
  2 wolves (Lair:1)
  A boggart (Vaults:3)
  2 nameless horrors
  2 phantoms (D:6)
  A bullfrog (Lair:1)
  A scorpion (D:4)
  2 earth elementals (Elf:3)
  An electric eel (Spider:3)
  2 howler monkeys (D:13)
  2 hounds
  2 orc priests (Orc:2)
  Ijyb (D:4)
  2 orc wizards (Orc:2)
  2 shadow imps
  A worm (D:4)
  12 orcs
  4 endoplasms
  A giant cockroach (D:3)
  2 goblins
  6 hobgoblins
  A jackal (D:2)
  6 ball pythons
  3 bats
  3 frilled lizards
  4 kobolds
206 creatures vanquished.

Vanquished Creatures (collateral kills)
  A juggernaut (Depths:4)
  Mara (Swamp:4)
  Bai Suzhen (Elf:3)
  Saint Roka (Orc:2)
  2 golden dragons
  A bone dragon (Depths:4)
  2 tentacled monstrosities
  A walking crystal tome (Depths:4)
  A lich (Vaults:3)
  2 quicksilver dragons (Vaults:5)
  2 deep elf master archers (Elf:3)
  3 deep elf blademasters (Elf:3)
  4 sphinxes
  2 titans (Vaults:5)
  2 thorn hunters (Swamp:4)
  5 shadow dragons
  4 tengu reavers
  Roxanne (Swamp:3)
  A draconian knight (Depths:4)
  4 frost giants
  A fire giant (Vaults:5)
  An orc warlord (Orc:2)
  10 deep elf sorcerers
  A draconian shifter (Depths:4)
  An iron dragon (Vaults:4)
  7 emperor scorpions
  8 vault wardens
  The ghost of Ahonude the Brawler, a journeyman TrMo of Qazlal (D:13)
  4 deep elf elementalists (Elf:3)
  4 broodmothers
  3 ghost moths
  21 ironbound preservers
  7 stone giants
  9 very ugly things
  A green draconian (Depths:4)
  2 vampire knights (Swamp:4)
  2 war gargoyles
  8 dire elephants
  4 deep elf demonologists
  5 ironbound thunderhulks
  An entropy weaver (shapeshifter) (Depths:1)
  4 eleionomae
  2 white draconians (Depths:4)
  An entropy weaver (Spider:2)
  A spark wasp (Spider:3)
  A minotaur (D:13)
  A yellow draconian (Depths:4)
  2 purple draconians (Depths:4)
  4 bunyips
  5 deep elf annihilators (Elf:3)
  8 deep elf death magi
  5 ettins
  A blizzard demon (Depths:2)
  The ghost of ababab the Jinx, a journeyman FeEn of Dithmenos (Spider:1)
  7 fire dragons
  6 deep elf high priests
  10 yaktaur captains
  7 great orbs of eyes
  6 ice dragons
  2 shambling mangroves (Swamp:4)
  10 hydras
  Josephine (D:14)
  2 rakshasas (Depths:1)
  The ghost of Fienaps the Jinx, a journeyman FeEn of Dithmenos (D:14)
  33 vault guards
  6 boulder beetles
  2 catoblepae
  2 radroaches
  A peacekeeper (Vaults:4)
  A death knight (D:13)
  4 ironbound frosthearts
  2 jorogumos
  17 centaur warriors
  3 ghost crabs
  6 ogre magi
  An alligator snapping turtle (shapeshifter) (D:13)
  6 deep troll shamans
  9 tengu warriors
  13 two-headed ogres
  23 dancing weapons
  A death scarab (Spider:3)
  4 alligators (Swamp:3)
  A death yak (Lair:5)
  9 deep troll earth magi
  3 spriggan berserkers
  Urug (Lair:2)
  A soul eater (Depths:2)
  10 nameless horrors
  A spectral emperor scorpion (Spider:1)
  Sonja (Orc:2)
  A sun demon (Lair:5)
  12 iron trolls
  A titan skeleton (Depths:3)
  15 deep elf knights
  An orc high priest (Orc:2)
  19 hell knights
  A sixfirhy (D:13)
  8 pharaoh ants
  3 spriggan riders
  A spectral ghost moth (Spider:1)
  3 glowing orange brains
  3 sun moths
  80 deep trolls
  2 goliath frogs
  4 spectral hydras (Swamp:4)
  3 spriggan druids
  A flayed ghost (Depths:2)
  7 steelbarb worms
  9 orb spiders
  An entropy weaver zombie (Depths:1)
  8 swamp dragons
  A bog body (Swamp:3)
  13 ironbound convokers
  6 orc knights
  A swamp dragon (shapeshifter) (D:13)
  2 phantasmal warriors
  9 lindwurms
  24 deep elf zephyrmancers
  9 wizards
  4 harpies
  2 spectral broodmothers (Spider:1)
  2 spectral jorogumos (Spider:1)
  13 deep elf archers
  7 necromancers
  32 deep elf pyromancers
  4 orc sorcerers
  22 wolf spiders
  4 oklob plants
  11 cyclopes
  30 ugly things
  A frost giant zombie (Depths:4)
  A manticore (D:12)
  A salamander (shapeshifter) (Elf:3)
  A spectral radroach (Spider:1)
  A faun (shapeshifter) (Vaults:5)
  2 salamanders
  5 will-o-the-wisps
  2 moths of wrath
  A centaur zombie (Vaults:3)
  A smoke demon (D:13)
  6 black mambas
  16 elephants
  13 vault sentinels
  3 rust devils
  2 gargoyles
  3 torpor snails
  5 unseen horrors
  11 demonic crawlers
  4 orange demons
  An emperor scorpion simulacrum (Spider:1)
  4 rime drakes
  A spark wasp simulacrum (Spider:1)
  4 freezing wraiths
  An efreet (D:13)
  3 ice devils
  13 komodo dragons
  A yaktaur (shapeshifter) (D:14)
  6 cane toads
  26 yaktaurs
  A redback zombie (Spider:4)
  2 tengu conjurers
  A hellwing (Lair:5)
  3 red devils
  3 death drake zombies (Swamp:4)
  6 trolls
  5 polar bears
  3 hydra zombies (Swamp:4)
  A polar bear (shapeshifter) (D:13)
  3 human zombies
  An ice dragon zombie (Depths:4)
  A merfolk (D:15)
  7 tyrant leeches
  A jorogumo simulacrum (Spider:1)
  5 hornets
  22 tarantellas
  A fire giant simulacrum (Depths:3)
  A culicivora zombie (Spider:1)
  A hydra skeleton (Swamp:4)
  26 slime creatures
  A tarantella zombie (Spider:3)
  6 blink frogs
  A death drake skeleton (Swamp:4)
  25 jumping spiders
  2 air elementals
  3 large abominations (Depths:1)
  9 wraiths
  A water elemental (Elf:2)
  Sigmund (D:4)
  21 culicivoras
  4 shadows
  38 yaks
  2 spriggans
  2 vampires
  7 humans (D:13)
  9 basilisks
  A human (shapeshifter) (D:8)
  7 wyverns
  4 steam dragons
  A basilisk (shapeshifter) (D:14)
  2 chaos spawn (Depths:1)
  A redback (shapeshifter) (Vaults:5)
  66 redbacks
  10 vampire mosquitoes
  A neqoxec (D:13)
  Menkaure (D:4)
  A deep troll zombie (Vaults:3)
  A swamp worm (shapeshifter) (Depths:4)
  15 swamp worms
  6 wargs
  2 hydra simulacra (Swamp:4)
  An acid dragon (D:13)
  5 hell hounds (Lair:5)
  11 water moccasins
  2 black bears
  36 orc warriors
  6 swamp drakes
  An ice beast (D:7)
  5 ogres
  2 swamp dragon zombies (Swamp:4)
  4 boggarts (Vaults:3)
  8 wolves (Lair:1)
  A swamp dragon skeleton (Swamp:4)
  A phantom (D:6)
  5 centaurs
  A kobold brigand (D:8)
  4 small abominations (Depths:1)
  2 necrophages
  6 bullfrogs
  3 scorpions
  4 earth elementals
  15 wights
  4 killer bees
  A howler monkey (D:13)
  An electric eel (Spider:4)
  2 jellies
  2 hounds
  An iron imp (D:14)
  25 orc priests
  Crazy Yiuf (D:7)
  2 iguanas (D:5)
  23 orc wizards
  2 gnolls (D:2)
  3 adders
  A white imp (D:7)
  2 ufetubi
  2 worms
  2 dart slugs
  96 orcs
  2 ball pythons
  3 endoplasms
  A giant cockroach (D:1)
  3 goblins
  4 hobgoblins
  3 jackals
  5 kobolds
  2 quokkas (D:2)
  4 bats
  14 orc zombies
  5 rats
  A briar patch (Swamp:4)
  2 butterflies
1596 creatures vanquished.

Vanquished Creatures (others)
  2 spectral tentacled monstrosities
  A deep elf annihilator (Elf:3)
  5 very ugly thing zombies
  2 vault guards
  An alligator (Swamp:3)
  A storm dragon zombie (Elf:3)
  An emperor scorpion zombie (Spider:4)
  A bunyip zombie (Swamp:3)
  A spark wasp zombie (Spider:3)
  An entropy weaver zombie (Spider:2)
  A ghost moth zombie (Spider:4)
  4 wizards
  7 wolf spider zombies
  A deep elf pyromancer (Elf:2)
  A wolf spider (Spider:4)
  A shadow dragon zombie (Depths:4)
  A broodmother zombie (Spider:1)
  8 ugly thing zombies
  An eleionoma zombie (Swamp:1)
  2 frost giant zombies
  3 stone giant zombies
  An elephant (Lair:3)
  A green draconian zombie (Depths:4)
  6 dire elephant zombies (Vaults:1)
  A catoblepas zombie (D:13)
  A spectral soul eater (Depths:2)
  3 unseen horror zombies
  2 orb spider zombies (Spider:4)
  A steelbarb worm zombie (Spider:4)
  A purple draconian zombie (Depths:4)
  A yellow draconian zombie (Depths:4)
  26 redback zombies
  A death yak zombie (Lair:5)
  A white draconian zombie (Depths:4)
  2 spectral glowing orange brains
  5 swamp worm zombies
  A komodo dragon (D:13)
  3 hydra zombies
  2 iron troll zombies
  2 bloated husks
  3 demonic crawler zombies
  A moth of wrath zombie (Spider:3)
  7 tarantella zombies
  3 ettin zombies
  5 culicivora zombies
  8 jumping spider zombies
  5 boulder beetle zombies
  4 great orb of eyes zombies
  An ice dragon zombie (Depths:1)
  An alligator zombie (Swamp:3)
  A fire dragon zombie (Depths:3)
  2 black mamba zombies
  A wyvern (Lair:2)
  3 spectral ice devils
  A yak (D:9)
  2 spectral orange demons
  A spectral rust devil (Depths:2)
  9 slime creature zombies
  A swamp worm (Swamp:3)
  A warg (D:11)
  7 ogre zombies
  35 deep troll zombies
  A faun zombie (Vaults:5)
  3 two-headed ogre zombies
  A spectral smoke demon (D:13)
  3 cane toad zombies
  2 spectral red devils
  59 elf zombies
  An orc warrior (Orc:2)
  5 elephant zombies (Lair:5)
  2 swamp dragon zombies
  A ghost crab zombie (Swamp:3)
  4 lindwurm zombies
  2 blink frog zombies
  8 vampire mosquito zombies
  A torpor snail zombie (Spider:1)
  A kobold zombie (Orc:2)
  4 komodo dragon zombies
  A spectral neqoxec (D:13)
  A salamander zombie (Elf:3)
  21 yaktaur zombies
  4 hell hound zombies (Lair:5)
  A wyvern zombie (D:8)
  3 cyclops zombies (D:13)
  3 warg zombies
  5 spriggan zombies
  A polar bear zombie (Lair:5)
  4 yak zombies
  4 water moccasin zombies
  A troll zombie (D:9)
  5 tengu zombies
  5 wolf zombies (Lair:1)
  4 bullfrog zombies
  3 basilisk zombies
  7 centaur zombies
  47 human zombies
  4 boggart zombies (Vaults:3)
  An orc wizard (D:9)
  2 killer bee zombies
  2 howler monkey zombies (D:13)
  2 swamp drake zombies
  A spectral iron imp (D:14)
  A spectral white imp (D:7)
  A spectral shadow imp (D:6)
  68 orc zombies
  A spectral ufetubus (D:7)
  9 demonic plants (D:13)
  46 foxfires
  64 fungi
  60 plants
689 creatures vanquished.

Grand Total: 2491 creatures vanquished

Notes
Turn   | Place    | Note
-------+----------+-------------------------------------------
     0 | D:1      | ChadusMaximus the Human Summoner began the quest for the
                  | Orb.
     0 | D:1      | Reached XP level 1. HP: 13/13 MP: 3/3
   292 | D:1      | Reached XP level 2. HP: 15/19 MP: 0/5
  1542 | D:1      | Reached XP level 3. HP: 18/24 MP: 3/6
  1747 | D:2      | Learned a level 3 spell: Call Canine Familiar
  1896 | D:2      | Learned a level 2 spell: Call Imp
  1986 | D:2      | Identified the amulet of Uhochust {Contam rElec Regen+
                  | Int+3 Stlth+}
  1999 | D:2      | Found a faded altar of an unknown god.
  2243 | D:2      | Reached XP level 4. HP: 27/30 MP: 3/7
  2263 | D:2      | Reached skill level 5 in Summonings
  2933 | D:3      | Found a blossoming altar of Fedhas.
  2973 | D:3      | Reached XP level 5. HP: 35/35 MP: 9/9
  3657 | D:4      | Reached skill level 6 in Summonings
  3657 | D:4      | Reached XP level 6. HP: 40/41 MP: 11/11
  3674 | D:4      | Noticed Sigmund
  3687 | D:4      | Killed Sigmund
  3688 | D:4      | Reached XP level 7. HP: 40/46 MP: 8/13
  3744 | D:4      | Noticed Menkaure
  3763 | D:4      | Killed Menkaure
  3764 | D:4      | Reached skill level 7 in Summonings
  4152 | D:4      | Noticed Ijyb
  4162 | D:4      | Paralysed by Ijyb for 2 turns
  4166 | D:4      | Paralysed by Ijyb for 5 turns
  4176 | D:4      | Killed Ijyb
  4319 | D:4      | Learned a level 4 spell: Summon Lightning Spire
  4320 | D:5      | Entered Level 5 of the Dungeon
  4382 | D:5      | Reached XP level 8. HP: 52/52 MP: 11/15
  4489 | D:5      | Reached skill level 8 in Summonings
  4532 | D:5      | Reached skill level 5 in Spellcasting
  4685 | D:5      | Found a glowing golden altar of the Shining One.
  4685 | D:5      | Found a sparkling altar of Nemelex Xobeh.
  4685 | D:5      | Found a basalt altar of Yredelemnul.
  4703 | D:5      | Became a worshipper of Yredelemnul the Dark
  5345 | D:6      | Found a shimmering blue altar of Sif Muna.
  5364 | D:6      | Found an ancient bone altar of Kikubaaqudgha.
  5416 | D:6      | Reached skill level 9 in Summonings
  5492 | D:6      | Reached * piety under Yredelemnul
  5568 | D:6      | Found a staircase to the Ecumenical Temple.
  5575 | D:6      | Reached XP level 9. HP: 57/57 MP: 13/17
  5579 | D:6      | Learned a level 3 spell: Summon Guardian Golem
  6098 | D:7      | Found a bloodstained altar of Trog.
  6124 | D:6      | Identified a scroll of acquirement
  6133 | D:6      | Acquired the ring of Anos {Int+4 Dex+6}
  6274 | D:7      | Reached skill level 10 in Summonings
  6422 | D:7      | Reached ** piety under Yredelemnul
  6538 | D:7      | Reached skill level 1 in Fighting
  6579 | D:7      | Found a runed translucent door.
  6580 | D:7      | Noticed Crazy Yiuf
  6889 | D:7      | Killed Crazy Yiuf
  7008 | D:8      | Found a stormy altar of Qazlal.
  7134 | D:8      | Noticed a two-headed ogre
  7172 | D:8      | Killed a two-headed ogre
  7173 | D:8      | Reached skill level 11 in Summonings
  7173 | D:8      | Reached XP level 10. HP: 71/71 MP: 1/20
  7390 | D:8      | Learned a level 3 spell: Gell's Gravitas
  7831 | D:8      | Found Oloum's Distillery.
  7996 | D:8      | Reached skill level 5 in Fighting
  8329 | D:8      | Found Sifil's Distillery.
  8473 | D:9      | Found a staircase to the Orcish Mines.
  8954 | D:9      | Reached XP level 11. HP: 81/81 MP: 10/22
  8955 | D:9      | Reached skill level 12 in Summonings
  8967 | D:9      | Reached skill level 5 in Dodging
  9070 | D:9      | Found Mioviocy's Book Shop.
  9166 | D:9      | Learned a level 7 spell: Summon Hydra
  9182 | D:10     | Entered Level 10 of the Dungeon
  9185 | D:10     | Noticed a two-headed ogre
  9193 | D:10     | Killed a two-headed ogre
  9389 | D:10     | Found a flagged portal.
  9404 | Bailey   | Entered a bailey
  9406 | Bailey   | Noticed a nameless horror
  9413 | Bailey   | Killed a nameless horror
  9835 | Bailey   | Noticed an orc knight
  9854 | Bailey   | Killed an orc knight
 10097 | D:10     | Found a broken altar of Ashenzari.
 10244 | D:10     | Found Gytiow's Antique Weapon Boutique.
 10607 | D:10     | Acquired 648 gold pieces
 10926 | D:11     | Found a staircase to the Lair.
 11102 | D:11     | Reached skill level 13 in Summonings
 11194 | D:11     | Reached XP level 12. HP: 93/93 MP: 8/24
 11617 | D:11     | Found Req Vas's Antique Weapon Emporium.
 11828 | Lair:1   | Entered Level 1 of the Lair of Beasts
 11830 | Lair:1   | Noticed a nameless horror
 11845 | D:11     | Killed a nameless horror
 12384 | Lair:1   | Reached *** piety under Yredelemnul
 12391 | Lair:1   | Reached **** piety under Yredelemnul
 12557 | Lair:1   | Reached ***** piety under Yredelemnul
 13337 | Lair:2   | Found a staircase to the Swamp.
 13451 | Lair:2   | Learned a level 3 spell: Teleport Other
 13796 | Lair:2   | Noticed a boulder beetle
 13802 | Lair:2   | Killed a boulder beetle
 13966 | Lair:2   | Reached skill level 14 in Summonings
 14033 | Lair:2   | Noticed Urug
 14041 | Lair:2   | Killed Urug
 14359 | Lair:2   | Reached skill level 10 in Fighting
 14433 | Lair:2   | Reached XP level 13. HP: 103/103 MP: 18/26
 15140 | Lair:3   | Found a hole to the Spider Nest.
 15204 | Lair:3   | Noticed an eight-headed hydra
 15751 | Lair:3   | Killed an eight-headed hydra
 16723 | Lair:4   | Noticed a catoblepas
 16750 | Lair:4   | Killed a catoblepas
 17520 | Lair:5   | Entered Level 5 of the Lair of Beasts
 17618 | Lair:5   | Reached skill level 15 in Summonings
 17828 | Lair:5   | Noticed a five-headed hydra
 17834 | Lair:5   | Killed a five-headed hydra
 17870 | Lair:5   | Reached XP level 14. HP: 106/114 MP: 3/27
 17873 | Lair:5   | Reached skill level 10 in Spellcasting
 18059 | Lair:5   | Found a staircase to the Slime Pits.
 18071 | Lair:5   | Found a viscous altar of Jiyva.
 18087 | Lair:5   | Learned a level 2 spell: Sublimation of Blood
 18162 | Lair:5   | Gained mutation: You are robust. (+10% HP) [potion of
                  | mutation]
 18162 | Lair:5   | Gained mutation: You have sharp toenails. [potion of
                  | mutation]
 18162 | Lair:5   | Gained mutation: You have a pair of small horns on your
                  | head. [potion of mutation]
 18163 | Lair:5   | Lost mutation: You have sharp toenails. [potion of
                  | mutation]
 18163 | Lair:5   | Lost mutation: You are robust. (+10% HP) [potion of
                  | mutation]
 18163 | Lair:5   | Gained mutation: You have a pair of horns on your head.
                  | [potion of mutation]
 18163 | Lair:5   | Gained mutation: You have hidden genetic potential. [potion
                  | of mutation]
 18163 | Lair:5   | Gained mutation: You are frail. (-10% HP) [potion of
                  | mutation]
 18163 | Lair:5   | Gained mutation: Your natural rate of healing is unusually
                  | fast. [potion of mutation]
 18232 | Lair:5   | Identified the +7 falchion of Oschogas {venom, rF+}
 18811 | Lair:5   | Found a burning altar of Makhleb.
 18827 | Lair:5   | Reached ****** piety under Yredelemnul
 19129 | Lair:5   | Found a gateway to Hell.
 19322 | Lair:5   | Reached skill level 16 in Summonings
 20137 | D:12     | Reached skill level 10 in Dodging
 20554 | D:12     | Found a burning altar of Makhleb.
 21231 | D:13     | Found a runed translucent gate.
 21231 | D:13     | Found a runed translucent gate.
 21231 | D:13     | Found a runed translucent gate.
 21407 | D:13     | Reached XP level 15. HP: 100/108 MP: 13/30
 21887 | D:14     | Noticed a red very ugly thing
 21893 | D:14     | Killed a red very ugly thing
 22001 | D:13     | Gained mutation: You are agile. (Dex +4, Str/Int -1)
                  | [hidden potential]
 22454 | D:13     | Reached skill level 1 in Shields
 22587 | D:13     | Found a gate to the Vaults.
 22734 | D:13     | Identified the +3 dire flail of the Forgotten Loafs {flame,
                  | Contam Int+7 Dex+8}
 22734 | D:13     | Identified the +1 steam dragon scales "Peosi" {Str+7 SInv}
 23132 | D:13     | Reached skill level 17 in Summonings
 23653 | D:13     | Got the Discourse on Contamination and Variation
 24129 | D:13     | Noticed Ahonude's ghost (journeyman TrMo)
 24195 | D:13     | Reached XP level 16. HP: 114/114 MP: 21/32
 24283 | D:13     | Killed Ahonude's ghost
 24505 | D:13     | Acquired the Volume of Adjuration
 24511 | D:13     | Acquired 905 gold pieces
 24537 | D:13     | Learned a level 6 spell: Summon Cactus Giant
 24840 | D:14     | Found Sane's Antique Armour Shoppe.
 24859 | D:14     | Gained mutation: You have a pair of large horns on your
                  | head. [hidden potential]
 24859 | D:14     | Lost mutation: You have hidden genetic potential. [hidden
                  | potential expressed]
 24885 | D:14     | Lost mutation: You are frail. (-10% HP) [potion of
                  | mutation]
 24885 | D:14     | Lost mutation: You have a pair of large horns on your head.
                  | [potion of mutation]
 24885 | D:14     | Lost mutation: Your natural rate of healing is unusually
                  | fast. [potion of mutation]
 24886 | D:14     | Lost mutation: You are agile. (Dex +4, Str/Int -1) [potion
                  | of mutation]
 24886 | D:14     | Lost mutation: You have a pair of horns on your head.
                  | [potion of mutation]
 24886 | D:14     | Lost mutation: You have a pair of small horns on your head.
                  | [potion of mutation]
 24886 | D:14     | Gained mutation: You are partially covered in iridescent
                  | scales. (AC +2) [potion of mutation]
 25139 | D:14     | Found a snail-covered altar of Cheibriados.
 25139 | D:14     | Noticed Josephine
 25157 | D:14     | Killed Josephine
 25179 | D:14     | Your ally Josephine died
 25506 | D:14     | Found a runed translucent door.
 25507 | D:14     | Noticed Fienaps's ghost (journeyman FeEn)
 25534 | D:14     | Killed Fienaps's ghost
 26022 | D:15     | Entered Level 15 of the Dungeon
 26767 | D:15     | Found a staircase to the Depths.
 26792 | D:15     | Reached skill level 5 in Shields
 27180 | Orc:1    | Entered Level 1 of the Orcish Mines
 27486 | Orc:1    | Paralysed by an orc sorcerer for 3 turns
 27761 | Orc:2    | Entered Level 2 of the Orcish Mines
 27788 | Orc:2    | Found a staircase to the Elven Halls.
 28149 | Orc:2    | Found Danakky's General Store.
 28154 | Orc:2    | Bought a potion of mutation for 128 gold pieces
 28281 | Orc:2    | Noticed Sonja
 28285 | Orc:2    | Killed Sonja
 28368 | Orc:2    | Found Roisk's Antique Weapon Boutique.
 28469 | Orc:2    | Your ally Sonja died
 28543 | Orc:2    | Noticed Saint Roka
 28585 | Orc:2    | Killed Saint Roka
 28993 | Orc:2    | Your ally Saint Roka died
 28998 | Orc:2    | Reached skill level 18 in Summonings
 29137 | Orc:2    | Found Uwaituga's Antique Weapon Shoppe.
 29139 | Orc:2    | Found Esha's Antique Armour Emporium.
 29213 | Orc:2    | Found Nalatibi's General Store.
 29297 | Orc:2    | Bought a potion of curing for 33 gold pieces
 30145 | Swamp:1  | Entered Level 1 of the Swamp
 30991 | Swamp:1  | Reached XP level 17. HP: 133/133 MP: 12/34
 33090 | Swamp:3  | Noticed Roxanne
 33504 | Swamp:3  | Killed Roxanne
 33667 | Swamp:3  | Learned a level 9 spell: Dragon's Call
 34081 | Swamp:4  | Entered Level 4 of the Swamp
 34940 | Swamp:4  | Noticed Mara
 34944 | Swamp:4  | Noticed ChadusMaximus's illusion
 35068 | Swamp:4  | Noticed ChadusMaximus's illusion
 35070 | Swamp:4  | Killed Mara
 35071 | Swamp:4  | Reached skill level 19 in Summonings
 35414 | Swamp:4  | Paralysed by a vampire knight for 5 turns
 35926 | Swamp:4  | Noticed a thorn hunter
 35931 | Swamp:4  | Noticed a thorn hunter
 35932 | Swamp:4  | Killed a thorn hunter
 35945 | Swamp:4  | Killed a thorn hunter
 35948 | Swamp:4  | Reached XP level 18. HP: 118/140 MP: 1/36
 36428 | Swamp:4  | Found a blossoming altar of Fedhas.
 36577 | Swamp:4  | Got a decaying rune of Zot
 36596 | Swamp:4  | Found a basalt altar of Yredelemnul.
 36983 | Spider:1 | Entered Level 1 of the Spider Nest
 37537 | Spider:1 | Reached skill level 10 in Shields
 37537 | Spider:1 | Reached skill level 15 in Spellcasting
 38527 | Spider:1 | Found a runed translucent gate.
 38527 | Spider:1 | Found a runed translucent gate.
 38527 | Spider:1 | Found a runed translucent gate.
 38528 | Spider:1 | Noticed ababab's ghost (journeyman FeEn)
 38552 | Spider:1 | Killed ababab's ghost
 38593 | Spider:1 | Identified the amulet "Tawo" {Acrobat rPois rF+}
 40004 | Spider:2 | Reached skill level 20 in Summonings
 40187 | Spider:2 | Identified the ring "Ropon" {+Blink Fly rF+ Dex+4}
 41262 | Spider:3 | Reached XP level 19. HP: 128/146 MP: 4/38
 42307 | Spider:4 | Entered Level 4 of the Spider Nest
 42510 | Spider:4 | Reached skill level 21 in Summonings
 43687 | Spider:4 | HP: 7/146 [emperor scorpion (6)]
 43692 | Spider:4 | HP: 7/146 [poisoned by an emperor scorpion]
 44823 | Spider:4 | HP: 6/146 [ghost moth (7)]
 44828 | Spider:4 | HP: 3/146 [poisoned by a redback]
 44833 | Spider:4 | HP: 3/146 [poisoned by a redback]
 45152 | D:13     | Paralysed by an ogre mage for 2 turns
 45251 | Vaults:1 | Entered Level 1 of the Vaults
 45580 | Vaults:1 | Reached skill level 22 in Summonings
 46022 | Vaults:1 | Reached XP level 20. HP: 94/153 MP: 31/40
 46165 | Vaults:1 | Found a flickering gateway to a bazaar.
 46203 | Bazaar   | Entered a bazaar
 46203 | Bazaar   | Found Todewk's Armour Boutique.
 46203 | Bazaar   | Found Joabahoq's General Store.
 46203 | Bazaar   | Found Cudweong's Book Shoppe.
 46284 | Bazaar   | Found Xureos's Distillery.
 46284 | Bazaar   | Found Xyneibo's Antique Weapon Emporium.
 46287 | Bazaar   | Bought a book of Vapours for 112 gold pieces
 46293 | Bazaar   | Bought a +2 pair of boots of flying for 236 gold pieces
 46293 | Bazaar   | Bought a +0 chain mail for 49 gold pieces
 46309 | Bazaar   | Bought a potion of brilliance for 28 gold pieces
 46309 | Bazaar   | Bought a potion of resistance for 70 gold pieces
 46309 | Bazaar   | Bought a potion of haste for 70 gold pieces
 46309 | Bazaar   | Bought a potion of brilliance for 28 gold pieces
 46309 | Bazaar   | Bought 2 potions of brilliance for 56 gold pieces
 46309 | Bazaar   | Bought a potion of magic for 56 gold pieces
 46309 | Bazaar   | Bought a potion of mutation for 56 gold pieces
 46315 | Bazaar   | Lost mutation: You are partially covered in iridescent
                  | scales. (AC +2) [potion of mutation]
 46315 | Bazaar   | Gained mutation: You sometimes lose your temper in combat.
                  | [potion of mutation]
 46315 | Bazaar   | Gained mutation: You are partially covered in large bone
                  | plates. (SH +4) [potion of mutation]
 46316 | Bazaar   | Lost mutation: You sometimes lose your temper in combat.
                  | [potion of mutation]
 46316 | Bazaar   | Lost mutation: You are partially covered in large bone
                  | plates. (SH +4) [potion of mutation]
 46316 | Bazaar   | Gained mutation: You are clumsy. (Dex -2) [potion of
                  | mutation]
 46316 | Bazaar   | Gained mutation: You are robust. (+10% HP) [potion of
                  | mutation]
 46316 | Bazaar   | Gained mutation: You possess an exceptional clarity of
                  | mind. [potion of mutation]
 46316 | Bazaar   | Gained mutation: Your spells are a little harder to cast,
                  | but a little more powerful. [potion of mutation]
 46342 | Vaults:1 | Paralysed by a great orb of eyes for 4 turns
 48450 | Vaults:2 | Reached skill level 23 in Summonings
 49050 | Vaults:2 | Identified the +0 robe of Depression {Rampage Dex+4}
 49983 | Vaults:2 | Found a staircase to the Crypt.
 49983 | Vaults:2 | Found a basalt altar of Yredelemnul.
 49983 | Vaults:2 | Found an ancient bone altar of Kikubaaqudgha.
 50824 | Vaults:3 | Reached XP level 21. HP: 171/174 MP: 27/42
 51408 | Vaults:3 | Reached skill level 24 in Summonings
 52687 | Vaults:3 | Paralysed by a great orb of eyes for 2 turns
 52891 | Vaults:3 | Identified the +3 chain mail of Yesterday {rN++}
 54459 | Vaults:4 | Reached skill level 25 in Summonings
 54754 | Vaults:4 | Reached XP level 22. HP: 181/181 MP: 37/44
 56762 | Spider:4 | Got a gossamer rune of Zot
 57048 | Depths:1 | Entered Level 1 of the Depths
 57605 | Depths:1 | Found Vietaom's Neck Hole.
 57628 | Depths:1 | Bought the +1 cloak of Vixewyna {*Slow rElec rPois MP+9}
                  | for 697 gold pieces
 58103 | Depths:1 | Found a one-way gateway to a ziggurat.
 58419 | Depths:1 | Found Capooliu's Weapon Boutique.
 58423 | Depths:1 | Found Ruohinoa's Antique Weapon Boutique.
 58423 | Depths:1 | Found Xitwoaz's Antique Weapon Shop.
 58426 | Depths:1 | Found Juuguit's Distillery.
 58438 | Depths:1 | Reached skill level 26 in Summonings
 58459 | Depths:1 | Bought a potion of curing for 63 gold pieces
 58459 | Depths:1 | Bought a potion of brilliance for 84 gold pieces
 58459 | Depths:1 | Bought 3 potions of curing for 189 gold pieces
 58608 | Depths:1 | Bought the +8 hand axe of Joenosan {vorpal, rCorr Str+5
                  | Int+4} for 1292 gold pieces
 58782 | Depths:1 | Found a hazy altar of Hepliaklqana.
 58948 | Depths:1 | Found a one-way gate to the infinite horrors of the Abyss.
 59393 | Depths:2 | Found a one-way gate leading to the halls of Pandemonium.
 59532 | Depths:2 | Noticed a golden dragon
 59535 | Depths:2 | Killed a golden dragon
 59707 | Depths:2 | Found Cossurao's Pet Rocks.
 60172 | Depths:2 | Reached XP level 23. HP: 162/188 MP: 46/46
 60212 | Depths:2 | Found Zocuuz's Weapon Emporium.
 60479 | Depths:2 | Found a shadowy altar of Dithmenos.
 60888 | Depths:3 | Found a runed translucent door.
 60888 | Depths:3 | Found a runed translucent door.
 60888 | Depths:3 | Noticed a juggernaut
 61459 | Depths:3 | Found Golugul's Distillery.
 61470 | Depths:3 | Bought a potion of curing for 66 gold pieces
 61470 | Depths:3 | Bought a potion of invisibility for 176 gold pieces
 61470 | Depths:3 | Bought a potion of brilliance for 88 gold pieces
 61568 | Depths:3 | Found Toir's Book Boutique.
 61922 | Depths:4 | Entered Level 4 of the Depths
 62189 | Depths:4 | Reached skill level 27 in Summonings
 62576 | Depths:4 | Noticed a juggernaut
 62597 | Depths:4 | Killed a juggernaut
 64404 | Depths:4 | Noticed a golden dragon
 64411 | Depths:4 | Killed a golden dragon
 64421 | Depths:4 | Found a gate to the Realm of Zot.
 65042 | Elf:1    | Entered Level 1 of the Elven Halls
 65190 | Elf:1    | Found a radiant altar of Vehumet.
 65761 | Elf:1    | Reached XP level 24. HP: 181/198 MP: 30/47
 65852 | Elf:1    | Paralysed by an air elemental for 1 turns
 67892 | Elf:2    | Found a runed translucent gate.
 67930 | Elf:2    | Found a runed translucent gate.
 67931 | Elf:2    | Found a runed translucent gate.
 69174 | Elf:3    | Entered Level 3 of the Elven Halls
 69413 | Elf:3    | Found a portal to a secret trove of treasure.
 69544 | Elf:3    | Found Gicaufox's Assorted Antiques.
 69553 | Elf:3    | Bought a potion of curing for 105 gold pieces
 69762 | Elf:3    | Found Haukoliuny's Weapon Shoppe.
 69786 | Elf:3    | Found Dyuxum's Weapon Boutique.
 69788 | Elf:3    | Found Lamuwueh's Book Shop.
 69851 | Elf:3    | Paralysed by an air elemental for 1 turns
 69855 | Elf:3    | Paralysed by an air elemental for 1 turns
 69867 | Elf:3    | Noticed Bai Suzhen
 69879 | Elf:3    | Killed Bai Suzhen
 70356 | Elf:3    | Your ally Bai Suzhen died
 70640 | Elf:3    | Identified the +2 scale mail "Qethuapn" {rN+ rCorr Int+6
                  | Dex-4}
 70692 | Elf:3    | Reached XP level 25. HP: 209/209 MP: 14/48
 70861 | Elf:3    | Got the Omnibus of Shapeshifting and the Assassin
 70877 | Elf:3    | Identified the +8 sling of Dung {speed, Stlth+}
 70986 | Elf:3    | Identified the +4 rapier of Irrepressible Laughter {vamp,
                  | Str+2 Int+2}
 70988 | Elf:3    | Identified the +1 scale mail of the Stopping Gods {rC+
                  | Slay+3 SInv Stlth+}
 71000 | Elf:3    | Identified the +4 whip of the Blessed Realm {vorpal, *Slow
                  | rPois MP+9 SInv}
 71024 | Elf:3    | Identified the +1 scale mail of Lugonu's Displeasure
                  | {Rampage Dex+9 Stlth-}
 71135 | Elf:3    | Identified the +8 long sword "Aceipre" {chaos, rN+ Dex-2
                  | SInv Stlth+}
 71677 | Vaults:5 | Entered Level 5 of the Vaults
 72408 | Vaults:5 | Noticed a dread lich
 72417 | Vaults:5 | Killed from afar by a shadow dragon

Illustrated notes

Levels and vault maps discovered:
D:1:      amcnicky_arrival_gap_in_the_tavern_cellar, layout_rooms,
          minmay_tetromino_i2
D:2:      minmay_general_purpose_star, layout_rooms,
          shapermc_ecumenical_altar_mp_urbaneastern, minmay_guardbox
D:3:      layout_rooms, fedhas_altar_1
D:4:      layout_basic, uniq_menkaure, uniq_sigmund, uniq_ijyb
D:5:      layout_loops_ring, grunt_temple_overflow_open,
          hangedman_abyss_or_decor_stabs, minivault_25
D:6:      layout_basic, mainiacjoe_overflow_catwalk_spiral,
          minmay_temple_entry_butterflies, st_stairs_8
D:7:      layout_rooms, bloody_trog, uniq_crazy_yiuf_cottage
D:8:      layout_loops_cross, mainiacjoe_overflow_tiny_flanked, serial_shops,
          kennysheep_mini, shop, minmay_manual_monstrance
D:9:      layout_basic, orc_0_dummy, serial_shops, shop, palyth_stone_intersect
D:10:     layout_basic, lemuel_doored_altar, enter_bailey_2, serial_shops, shop
D:11:     layout_layer_cave, erik_lair_orcish_takeover, serial_shops, shop
D:12:     layout_stronghold, bloody_makhleb
D:13:     minmay_the_grid_octo_triangle [minmay_the_grid_octo_pinwheel,
          minmay_the_grid_octo_prize_big_c, minmay_the_grid_octo_clover],
          layout_irregular_city, ximxim_vaults_locker_room, serial_demonic,
          serial_demonic_a, serial_demonic_g, serial_demonic_c,
          serial_demonic_f, maelrawn_ghost_gauntlet_escape,
          minmay_pinched_square
D:14:     layout_roguey, gammafunk_ghost_grave, serial_shops, shop_fountains,
          serial_bayou_shore_b, slow_altar_1, uniq_josephine
D:15:     hangedman_depths_entry_try_elsewhere_first, layout_basic
Lair:1:   layout_hall_layers, chequers_serial_rivers_room_a, lemuel_fruit_tree
Lair:2:   layout_cave_pods, swamp_mist_pool, guppyfry_lair_drakes, uniq_urug
Lair:3:   layout_regular_city, nicolae_spider_entry_orb_guardian,
          serial_bayou_shore_b, grunt_megastairs_2
Lair:4:   layout_cave_pods, minivault_11
Lair:5:   evil_forest, layout_misc_corridors, slime_entry_1,
          kennysheep_basilisk_garden, lemuel_fruit_fields
Swamp:1:  layout_basic_swamp, serial_swamp_ruin, evilmike_swamp_ruin_house_2,
          evilmike_swamp_ruin_house_6, nicolae_swamp_orc_logging_accident,
          swamp_pool4
Swamp:2:  layout_falls_marsh, evilmike_swamp_ruin_rubble_1,
          infiniplex_staircase_pool_2
Swamp:3:  layout_basic_swamp, evilmike_swamp_ruin_house_5, uniq_roxanne
Swamp:4:  byrel_swamp_growth_death_and_undeath, layout_basic_swamp, uniq_mara
Spider:1: layout_cave_pods, gammafunk_ghost_necromancy,
          nicolae_spider_twisty_arc_passages
Spider:2: layout_cave_pods
Spider:3: layout_spider_delve
Spider:4: guppyfry_spider_rune, drop_trap
Orc:1:    layout_caves
Orc:2:    grunt_orc_community_town_hall, layout_diamond_mine,
          grunt_orc_community_big_house_2, grunt_orc_community_big_house_1,
          grunt_orc_community_house_3, grunt_orc_community_house_1,
          grunt_orc_community_house_1, grunt_orc_community_house_1,
          grunt_orc_community_house_3, serial_shops, shop, uniq_sonja,
          uniq_saint_roka
Elf:1:    eino_elf_arrival_altar, layout_loops_corners,
          minmay_elf_crystal_heptagon, lemuel_upstairs_altar
Elf:2:    nicolae_elf_blades_crystal_corner, layout_loops_corners
Elf:3:    minmay_elf_hall_furrowed, layout_geoelf_grid, serial_shops, shop,
          shop, nicolae_shop_stone, nicolae_shop_advertising_works
          [nicolae_subvault_shop_adworks], enter_trove_6, uniq_bai_suzhen
Vaults:1: hangedman_vaults_trim, nicolae_vaults_network_star, v_misc_15,
          nicolae_vaults_rhombus_5, nicolae_vaults_arrows,
          hangedman_vaults_impose, vaults_room_pool, ontoclasm_vaults_hangar,
          hangedman_vaults_restitches, hangedman_vaults_impose,
          hangedman_vaults_locks, nicolae_vaults_disjoint_gnomons,
          nicolae_vaults_circle_grid_a, vaults_dpeg_encased_lava,
          layout_vaults_omnibox, serial_shops, bzr_entry_water
Vaults:2: nicolae_vaults_back_hallway, v_misc_16, hangedman_vaults_nails,
          minmay_crypt_entry_necro_gods, nicolae_vaults_disjoint_gnomons,
          nicolae_vaults_diagonal_hallway_8, v_misc_13, vaults_dpeg_hooks,
          nicolae_vaults_yaktaur_gun_rack, vaults_mumra_chevron, st_lines,
          nicolae_vaults_rhombus_6, vaults_room_stairs_pillars,
          hangedman_vaults_snaps, layout_vaults_maze
Vaults:3: hangedman_vaults_restitches, v_pattern_5, vaults_dpeg_emergency_exit,
          vaults_room_large_hall, hangedman_vaults_nails,
          hangedman_vaults_stagger, vaults_dpeg_cross, ontoclasm_vaults_idyll,
          ontoclasm_vaults_gateway, vaults_room_door_hall, v_misc_14,
          hangedman_vaults_stretched_pinwheel, vaults_room_door_hall,
          grunt_vaults_hallway_short, layout_vaults_omnicross
Vaults:4: vaults_room_hallway, vaults_standard_mumra_lines,
          nicolae_vaults_quartermaster, v_misc_17, v_misc_11,
          ontoclasm_vaults_decontamination, v_misc_28,
          nicolae_vaults_mini_display_case, layout_vaults_quadrants
Vaults:5
Depths:1: layout_basic, enter_ziggurat_c, hell_entry,
          nicolae_hepliaklqana_hippocampus, minmay_room_of_horrors,
          nicolae_shop_sticking_my_neck_out, serial_bayou_shore_b,
          minmay_shoptagon
Depths:2: minmay_outward_triangles, layout_basic, grunt_dithmenos_smoke,
          rand_demon_pan_entry_3, pf_vacation_house_of_asmodeus, serial_shops,
          shop, guppyfry_shop_earth
Depths:3: impenetrable_vault, layout_cave_pools, grunt_pan_entry_sceptre,
          abyss_entry, serial_shops, nicolae_shop_window_shopping, shop,
          hell_entry, hangedman_decor_slide_cut, minmay_staircase_bubble
Depths:4: grunt_zot_entry_hairpin, layout_cave_shapes,
          hangedman_abyss_or_decor_jellyfish_corner, pan_entry, hell_entry,
          grunt_decor_clamped, serial_sigils_hangedman_shear

Skill      XL: |  1  2  3  4  5  6  7  8  9 10 11 12 13 14 15 16 17 18 19 20 21 22 23 24 25 |
---------------+----------------------------------------------------------------------------+-----
Summonings     | 5 6 7 9 11 13 14 15 16 17 18 19 20 22 23 25 26 27 | 27.0
Spellcasting   | 3 4 5 6 7 8 9 11 12 13 14 15 16 17 18 19 20 21 22 | 22.1
Fighting       | 3 6 8 10 11 12 13 14 | 14.4
Dodging        | 3 4 6 7 8 10 11 12 13 14 | 14.5
Shields        | 3 6 9 10 11 12 13 | 13.2
Stealth        | |  2.0

Action                   |  1- 3 |  4- 6 |  7- 9 | 10-12 | 13-15 | 16-18 | 19-21 | 22-24 | 25-27 || total
-------------------------+-------+-------+-------+-------+-------+-------+-------+-------+-------++-------
Melee: Staff             |    14 |       |       |       |       |       |       |       |       ||    14
       Punch             |     1 |       |     3 |     2 |     2 |       |       |       |       ||     8
       Spear             |    75 |    79 |   173 |   125 |    46 |       |       |       |       ||   498
       Falchion          |       |       |       |       |    48 |   347 |   354 |   475 |    21 ||  1245
       Headbutt          |       |       |       |       |    19 |     2 |       |       |       ||    21
       Hand axe          |       |       |       |       |       |       |       |    28 |       ||    28
 Cast: Summon Small Mamm |    27 |    10 |    20 |    44 |    16 |    32 |     7 |     9 |       ||   165
       Call Canine Famil |     4 |     9 |    28 |    49 |    62 |    38 |     4 |     5 |     2 ||   201
       Call Imp          |     1 |     4 |     5 |    11 |     4 |     2 |     1 |     2 |       ||    30
       Summon Lightning  |       |       |    12 |    60 |   108 |   161 |   133 |   161 |     8 ||   643
       Summon Guardian G |       |       |       |    12 |    23 |     1 |       |    13 |     1 ||    50
       Summon Hydra      |       |       |       |     8 |    68 |   148 |   178 |   141 |     1 ||   544
       Gell's Gravitas   |       |       |       |     1 |       |       |     5 |     5 |     1 ||    12
       Summon Cactus Gia |       |       |       |       |       |    47 |    27 |    43 |       ||   117
       Teleport Other    |       |       |       |       |       |     4 |     6 |     2 |     1 ||    13
       Dragon's Call     |       |       |       |       |       |       |     3 |    17 |     4 ||    24
Invok: Dark Bargain      |       |       |       |       |       |     1 |       |       |       ||     1
       Recall Undead Har |       |       |       |       |       |       |       |     1 |       ||     1
Evoke: Wand              |       |       |       |       |       |     1 |       |       |       ||     1
  Use: Scroll            |       |       |    10 |     6 |    13 |    20 |     8 |     2 |     4 ||    63
       Potion            |       |       |       |     2 |     3 |     5 |     4 |     3 |     7 ||    24
 Stab: Sleeping          |     4 |     3 |     5 |       |     1 |       |     1 |     1 |       ||    15
       Distracted        |       |     1 |     3 |     4 |     3 |     9 |    15 |    16 |     1 ||    52
       Invisible         |       |       |       |       |       |       |       |     1 |       ||     1
Armor: Robe              |    22 |    16 |    21 |    21 |       |       |       |       |       ||    80
       Leather armour    |       |       |       |     1 |    22 |       |       |       |       ||    23
       Steam dragon scal |       |       |       |       |     5 |   173 |   176 |   136 |    35 ||   525
Dodge: Dodged            |    74 |    55 |   103 |   152 |   173 |   456 |   493 |   408 |    59 ||  1973
Block: Buckler           |       |       |       |       |    16 |       |       |       |       ||    16
       Kite shield       |       |       |       |       |       |   575 |   654 |   591 |    94 ||  1914
